 Dungeon Crawl Stone Soup version 0.31.0-11-ge490571c62 (webtiles) character file.

Game seed: 4176383542727258168

71 Skitler the Covert (level 4, 0/41 HPs)
             Began as a Gnoll Delver on Jan 30, 2024.
             Succumbed to a scorpion's poison
             ... on level 4 of the Dungeon.
             The game lasted 00:01:10 (202 turns).

Skitler the Covert (Gnoll Delver)                    Turns: 202, Time: 00:01:11

Health: 0/41       AC:  3    Str: 13    XL:     4   Next: 24%
Magic:  2/5        EV: 13    Int:  9    God:
Gold:   46         SH:  0    Dex: 14    Spells: 5/5 levels left

rFire   . . .        a - +0 spear
rCold   . . .        (no shield)
rNeg    . . .        b - +0 leather armour
rPois   .            (no helmet)
rElec   .            (no cloak)
rCorr   .            (no gloves)
SInv    .            (no boots)
Will    .....        (no amulet)
Stlth   ++++         (no ring)
HPRegen 0.26/turn    (no ring)
MPRegen 0.09/turn

%: no passive effects
@: lethally poisoned (0 -> -5), hasted, very quick
A: fangs 1, strong nose, distributed training
a: no special abilities


You were on level 4 of the Dungeon.
You visited 1 branch of the dungeon, and saw 3 of its levels.

You collected 46 gold pieces.

Inventory:

Hand Weapons
 a - a +0 spear (weapon)
Missiles
 h - 2 poisoned darts (quivered)
Armour
 b - a +0 leather armour (worn)
Wands
 g - a wand of digging (3)
Scrolls
 c - a scroll of fog
 d - a scroll of revelation
 e - a scroll of fear


   Skills:
 + Level 6.6 Fighting
 + Level 1.1 Short Blades
 + Level 1.1 Long Blades
 + Level 1.1 Axes
 + Level 1.1 Maces & Flails
 + Level 4.6 Polearms
 + Level 1.1 Staves
 + Level 1.1 Ranged Weapons
 + Level 1.1 Throwing
 + Level 1.1 Armour
 + Level 4.6 Dodging
 + Level 9.6 Stealth
 + Level 1.1 Shields
 + Level 1.1 Unarmed Combat
 + Level 1.1 Spellcasting
 + Level 0.9 Conjurations
 + Level 0.9 Hexes
 + Level 0.9 Summonings
 + Level 0.9 Necromancy
 + Level 0.9 Translocations
 + Level 0.9 Fire Magic
 + Level 0.9 Ice Magic
 + Level 0.9 Air Magic
 + Level 0.9 Earth Magic
 + Level 0.9 Alchemy
 + Level 1.2 Invocations
 + Level 1.1 Evocations
 + Level 1.0 Shapeshifting


You had 5 spell levels left.
You didn't know any spells.
Your spell library was empty.

Dungeon Overview and Level Annotations

Branches:
Dungeon (6/15)
 Temple: D:4-7

Altars:
Fedhas


Innate Abilities, Weirdness & Mutations

You have very sharp teeth.
Your uncanny sense of smell can sniff out nearby items.
Your experience applies equally to all skills.


Message History

Unknown command.
You hit the scorpion.
You kill the scorpion!
* * * LOW HITPOINT WARNING * * *
You feel very sick.
Your Short Blades skill increases to level 1!
Your Long Blades skill increases to level 1!
Your Axes skill increases to level 1!
Your Maces & Flails skill increases to level 1!
Your Staves skill increases to level 1!
Your Ranged Weapons skill increases to level 1!
Your Throwing skill increases to level 1!
Your Armour skill increases to level 1!
Your Shields skill increases to level 1!
Your Unarmed Combat skill increases to level 1!
Your Spellcasting skill increases to level 1!
Your Invocations skill increases to level 1!
Your Evocations skill increases to level 1!
Your Shapeshifting skill increases to level 1!
You have reached level 3!
Your experience leads to an increase in your attributes!
Increase (S)trength, (I)ntelligence, or (D)exterity?
You feel stronger. x2
You have reached level 4!
You feel agile.
* * * LOW HITPOINT WARNING * * *
You feel sick.
As you read the scroll labelled QUER EPTOLEU, it crumbles to dust.
It is a scroll of identify.
You don't currently have any unidentified items.
* * * LOW HITPOINT WARNING * * *
You feel sick.
Unknown command.
There is a lethal amount of poison in your body!
Unknown command.
* * * LOW HITPOINT WARNING * * *
You feel sick.
* * * LOW HITPOINT WARNING * * *
You feel sick.
You die...

#..#. ..........
..###..#.##.........
...#......##........
..........#...#
.............###
##..............#..
.............##...... .
........)....###...... ...
....##....#..@# ##..)# ....
.............## #..# ###....
..............#####..###......
..............................
#....#........................
.....#..................#.....
..............##.......†.#.....
..##..#.##....##...####†.......
.......###.#.......# #........


There were no monsters in sight!

Vanquished Creatures
  A scorpion (D:4)
  An adder (D:4)
  2 endoplasms (D:4)
  A kobold (D:4)
  A quokka (D:4)
6 creatures vanquished.

Notes
Turn   | Place    | Note
-------+----------+-------------------------------------------
     0 | D:5      | Reached skill level 9 in Stealth
     0 | D:5      | Skitler the Gnoll Delver began the quest for the Orb.
     0 | D:5      | Reached XP level 1. HP: 23/23 MP: 1/1
     3 | D:5      | Found a blossoming altar of Fedhas.
    12 | D:5      | Noticed a gnoll sergeant
    60 | D:4      | Reached XP level 2. HP: 11/29 MP: 2/2
   180 | D:4      | Noticed a scorpion
   197 | D:4      | Killed a scorpion
   198 | D:4      | Reached skill level 1 in Short Blades
   198 | D:4      | Reached skill level 1 in Long Blades
   198 | D:4      | Reached skill level 1 in Axes
   198 | D:4      | Reached skill level 1 in Maces & Flails
   198 | D:4      | Reached skill level 1 in Staves
   198 | D:4      | Reached skill level 1 in Ranged Weapons
   198 | D:4      | Reached skill level 1 in Throwing
   198 | D:4      | Reached skill level 1 in Armour
   198 | D:4      | Reached skill level 1 in Shields
   198 | D:4      | Reached skill level 1 in Unarmed Combat
   198 | D:4      | Reached skill level 1 in Spellcasting
   198 | D:4      | Reached skill level 1 in Invocations
   198 | D:4      | Reached skill level 1 in Evocations
   198 | D:4      | Reached skill level 1 in Shapeshifting
   198 | D:4      | Reached XP level 3. HP: 6/35 MP: 2/4
   198 | D:4      | Reached XP level 4. HP: 8/41 MP: 2/5
   201 | D:4      | HP: 1/41 [poisoned by a scorpion]
   202 | D:4      | Succumbed to a scorpion's poison

Illustrated notes

Levels and vault maps discovered:
D:4:      layout_cave_pools, minmay_mini_ossuary
D:5:      layout_cave_pools, nicolae_overflow_hidden_temple,
          gammafunk_ghost_icy, minmay_between, uniq_grinder
D:6:      layout_cave_pools, lemuel_tele_altar,
          mainiacjoe_overflow_surrounded_room, serial_undead, serial_undead_c,
          serial_undead_c, serial_undead_b, serial_undead_f,
          minmay_misc_feat_iff, minivault_27, amcnicky_mini_corridor_feature,
          nicolae_concentric_dashed_squares_wild, uniq_duvessa, uniq_sigmund,
          uniq_eustachio

Skill      XL: |  1  2 |
---------------+-------+-----
Stealth        | |  9.6
Short Blades   | 1 |  1.1
Long Blades    | 1 |  1.1
Axes           | 1 |  1.1
Maces & Flails | 1 |  1.1
Staves         | 1 |  1.1
Ranged Weapons | 1 |  1.1
Throwing       | 1 |  1.1
Armour         | 1 |  1.1
Shields        | 1 |  1.1
Unarmed Combat | 1 |  1.1
Spellcasting   | 1 |  1.1
Invocations    | 1 |  1.2
Evocations     | 1 |  1.1
Shapeshifting  | 1 |  1.0
Fighting       | |  6.6
Polearms       | |  4.6
Dodging        | |  4.6
Conjurations   | |  0.9
Hexes          | |  0.9
Summonings     | |  0.9
Necromancy     | |  0.9
Translocations | |  0.9
Fire Magic     | |  0.9
Ice Magic      | |  0.9
Air Magic      | |  0.9
Earth Magic    | |  0.9
Alchemy        | |  0.9

Action                     |  1- 3 |  4- 6 || total
---------------------------+-------+-------++-------
  Melee: Spear             |    25 |       ||    25
         Bite              |     2 |       ||     2
    Use: Potion            |     1 |       ||     1
         Scroll            |       |     1 ||     1
   Stab: Sleeping          |     2 |       ||     2
 Armour: Leather armour    |    13 |       ||    13
  Dodge: Dodged            |    10 |       ||    10
